[Event "FAI-ch Master 2022"]
[Site "Eidi"]
[Date "2022.04.12"]
[Round "4.4"]
[White "Simonsen, Hans Kristian"]
[Black "Nielsen, Hogni Egilstoft"]
[Result "0-1"]
[ECO "E62"]
[WhiteElo "2166"]
[BlackElo "2405"]
[Annotator "TA"]
[PlyCount "90"]
[EventDate "2022.04.10"]
[EventType "tourn"]
[EventCountry "FAI"]
[SourceTitle "playchess.com"]
[Source "ChessBase"]
[SourceQuality "1"]
[TimeControl "40/5400+30:1800+30"]

1. d4 g6 2. c4 Bg7 3. Nf3 d6 4. g3 Nf6 5. Bg2 O-O 6. O-O Nc6 7. Nc3 Bg4 8. h3 Bxf3 9. Bxf3 Nd7 10. e3 e5 11. d5 Ne7 12. e4 h6 {[%emt 0:08:24] E62: King's Indian: Fianchetto: 6...c6 and Panno Variation (6...Nc6) without ...a6.} 13. Bd2 f5 {[%emt 0:09:43] [#]} 14. Bg2 $146 ({Predecessor:} 14. Kg2 fxe4 15. Nxe4 Nf5 16. h4 Nd4 17. Bg4 Nf6 18. Nxf6+ Qxf6 19. h5 g5 20. Bc3 c5 21. Qd3 {0-1 (39) Nedilko,V (2414)-Tregubov,V (2233) Odessa 2009}) 14... Kh7 {[%emt 0:02:33] White is slightly better.} 15. Rc1 Rf7 16. b4 Nf6 17. exf5 Nxf5 18. c5 Qd7 19. Qe2 Nd4 20. Qc4 Raf8 21. c6 bxc6 22. dxc6 Qf5 23. Be3 Nf3+ $1 {[%emt 0:02:50] Pair of Knights!} 24. Kh1 {[%emt 0:00:15] Black must now prevent g4.} h5 {[%emt 0:01:27] Prevents g4.} 25. Bxa7 Nd2 26. Qe2 Nxf1 27. Rxf1 d5 (27... Ra8 $11 28. Be3 Bh6) 28. Bc5 $2 (28. Nxd5 $16 Nxd5 29. Bxd5 Qxh3+ 30. Kg1) 28... Rd8 $15 29. a4 d4 30. Ne4 (30. Qa2 $11 dxc3 31. Qxf7) 30... d3 $19 31. Nxf6+ Bxf6 (31... Rxf6 $19 32. Qd2 Bh6) 32. Qa2 $17 Be7 33. Be3 Bxb4 34. g4 (34. Qc4 $17 {was worth a try.} Ba5 35. Bd5) 34... hxg4 $19 35. hxg4 Qf6 36. Bg5 {[%emt 0:03:20] [#] Against Qh4+} Qxg5 37. Qxf7+ Kh6 {[%emt 0:00:04][%cal Oe5e4] Threatens to win with ...e4!} 38. Bf3 e4 $1 39. Bd1 Qe5 {[%emt 0:01:42] ( -> ...Kg5). Active counter play!} 40. Kg2 Rf8 41. Rh1+ Kg5 {[%emt 0:15:44] The board is on fire.} 42. Qh7 {[%emt 0:02:06] [#] Intending Qh4+ and mate.} Rxf2+ $2 $40 {[%emt 0:10:28][%mdl 128] Black has some attack.} (42... Kf6 $1 $19 {Strongly threatening ...Bc5.} 43. f4 exf3+ 44. Bxf3 Qb2+ 45. Kh3 Qf2 46. Qh4+ Qxh4+ 47. Kxh4 Ke5) 43. Kh3 $2 {[%emt 0:02:17][%mdl 8192] [#]} (43. Kxf2 $11 Qf4+ 44. Kg2 Qd2+ 45. Kh3 Qe3+ 46. Kg2 Qd2+ 47. Kh3 Qe3+ 48. Kg2 Qd2+) 43... Kf4 $1 {[%emt 0:03:56] Black mates.} 44. Qh4 Ke3 45. Qh6+ g5 {[%emt 0:00:35] Weighted Error Value: White=0.44/Black=0.19 (very precise)} 0-1

[Event "FAI-ch Master 2022"]
[Site "Eidi"]
[Date "2022.04.13"]
[Round "5.1"]
[White "Nielsen, Hogni Egilstoft"]
[Black "Nolsoe, Rani"]
[Result "1-0"]
[ECO "B08"]
[WhiteElo "2405"]
[BlackElo "2072"]
[Annotator "TA"]
[PlyCount "41"]
[EventDate "2022.04.10"]
[EventType "tourn"]
[EventCountry "FAI"]
[SourceTitle "playchess.com"]
[Source "ChessBase"]
[SourceQuality "1"]
[TimeControl "40/5400+30:1800+30"]

1. e4 d6 2. d4 Nf6 3. Nc3 g6 4. Nf3 Bg7 5. h3 O-O 6. Be3 c6 7. a4 $1 {[%emt 0:01:31][%cal Ba2a4,Ba4a5,Ba5a6][%mdl 32] The main line 7.a4 scores better than 7.Qd2.} Nbd7 8. g3 {[%emt 0:06:05] B08: Pirc Defence: Classical System.} e5 9. Bg2 Qc7 10. O-O {[%emt 0:01:35] The position is equal.} b6 11. Re1 Bb7 {[%emt 0:02:18] [#]} 12. a5 $146 ({Predecessor:} 12. Qd2 a6 13. Red1 b5 14. dxe5 dxe5 15. Qd6 Qxd6 16. Rxd6 Rfd8 17. Rad1 Bf8 18. R6d3 {1-0 (48) Svane,R (2613)-Yankelevich,L (2461) Playchess.com INT 2020}) 12... exd4 13. Bxd4 {[%emt 0:05:09] [#] Hoping for a6.} ({Don't play} 13. Qxd4 {[#]} Ng4 $1 14. Qc4 (14. axb6 axb6 15. Qd2 Nxe3 $17) 14... Nxe3 15. Rxe3 Nc5 $15) (13. Nxd4 $5 bxa5 14. Nb3 $14) 13... Ne5 (13... Rad8 $11) 14. Nd2 Rfe8 ({Black should try} 14... Rad8 $14) 15. f4 $36 {[%emt 0:06:45][%mdl 2048] Black is under strong pressure.} Ned7 16. a6 Bc8 17. Nc4 {[%emt 0:05:47] Threatens to win with e5. &Bianco is more active.} Nxe4 {[%emt 0:22:52][%mdl 8192] A mistake that costs the game.} 18. Bxg7 {[%emt 0:03:31] White is clearly winning.} Kxg7 19. Qd4+ Ndf6 20. Rxe4 c5 21. Qxd6 {[%emt 0:00:37] Weighted Error Value: White=0.23 (precise) /Black=0.31} 1-0

[Event "FAI-ch Master 2022"]
[Site "Eidi"]
[Date "2022.04.13"]
[Round "5.2"]
[White "Apol, Luitjen Akselsson"]
[Black "Simonsen, Hans Kristian"]
[Result "1-0"]
[ECO "B15"]
[WhiteElo "2154"]
[BlackElo "2166"]
[Annotator "TA"]
[PlyCount "59"]
[EventDate "2022.04.10"]
[EventType "tourn"]
[EventCountry "FAI"]
[SourceTitle "playchess.com"]
[Source "ChessBase"]
[SourceQuality "1"]
[TimeControl "40/5400+30:1800+30"]

1. e4 c6 2. d4 d5 3. Nc3 dxe4 4. Nxe4 Nf6 5. Nxf6+ exf6 6. c3 Bd6 7. Bd3 O-O 8. Ne2 Re8 9. O-O {[%emt 0:01:12] B15: Caro-Kann: 3 Nc3: 3...g6 and 3...dxe4 4 Nxe4 Nf6 5 Nxf6+ exf6.} (9. Qc2 $5 ) 9... Qc7 10. Ng3 Nd7 11. Nf5 {[%emt 0:00:29][%cal Of5g7] And now Nxg7! would win. White has an edge.} Nf8 (11... Bxh2+ $11 12. Kh1 Bd6) 12. Nxd6 $14 Qxd6 {[%emt 0:00:05] [#]} 13. b3 $146 ({Predecessor:} 13. Qf3 Ng6 14. Bd2 Be6 15. Rfe1 Rad8 16. Bf1 Qc7 17. Qg3 Qa5 18. a4 h5 19. h3 {1-0 (37) Mastrovasilis,D (2627)-Dreev,A (2623) Warsaw 2021}) 13... Bd7 14. a4 Rad8 15. Bb2 Ne6 16. Qc2 Nf4 {[%emt 0:02:29][%cal Od7h3] [#] Strongly threatening ...Bh3!} 17. Bxh7+ Kh8 18. Be4 {[%emt 0:00:11] Prevents Qd5.} Bg4 (18... c5 $11) 19. f3 $36 {[%emt 0:03:07][%mdl 2048] White is really pushing.} f5 {[%emt 0:11:22][%cal Og4h3] [#]} 20. Bd3 (20. fxg4 $6 Rxe4 21. Kh1 (21. gxf5 $2 Ne2+ 22. Qxe2 Rxe2 $19) 21... Rde8 $11) (20. Bxf5 $6 Re2 21. fxg4 Rxc2 22. Bxc2 Ne2+ 23. Kh1 Qh6 $11) (20. Bc1 $1 $16) 20... Re3 $2 {[%emt 0:00:57][%mdl 8192] This costs Black the game.} 21. Bc1 $18 {[%emt 0:00:24] White is clearly winning.} (21. fxg4 Nxd3 22. Rxf5 Qe7 $16) 21... Qe7 (21... Rxd3 $142 22. Bxf4 (22. fxg4 Rxc3 23. Bxf4 Rxc2 $11) 22... Qxf4 23. Qxd3 Bh5) 22. fxg4 Nxd3 23. Bxe3 Qxe3+ 24. Kh1 fxg4 25. Rad1 ({Not} 25. Rxf7 Kg8 26. Raf1 (26. Rxb7 $2 Nf2+ 27. Qxf2 Qxf2 $19) 26... g3 $18) 25... Nf4 26. Qd2 Nd5 27. Rxf7 Qe6 (27... Qxd2 $142 28. Rxd2 Nxc3 29. Rxb7 Ne4) 28. Rdf1 {[%emt 0:01:39] Qg5 is the strong threat.} Nf6 29. Rxb7 g3 30. Qg5 {[%emt 0:00:21] Weighted Error Value: White=0.62/Black=0.86} 1-0

[Event "FAI-ch Master 2022"]
[Site "Eidi"]
[Date "2022.04.13"]
[Round "5.3"]
[White "Olsen, Wille"]
[Black "Egilstoft, Rogvi"]
[Result "1-0"]
[ECO "A42"]
[WhiteElo "2006"]
[BlackElo "2378"]
[Annotator "TA"]
[PlyCount "77"]
[EventDate "2022.04.10"]
[EventType "tourn"]
[EventCountry "FAI"]
[SourceTitle "playchess.com"]
[Source "ChessBase"]
[SourceQuality "1"]
[TimeControl "40/5400+30:1800+30"]

1. Nf3 d6 2. d4 Nd7 3. c4 e5 4. Nc3 g6 5. e4 Bg7 6. Be2 Ne7 7. Be3 h6 {[%emt 0:04:55] A42: Modern Defence: Averbakh Variation.} (7... O-O $14) 8. dxe5 Nxe5 9. Nxe5 Bxe5 {[%emt 0:00:08] [#] White is better.} 10. Qd2 $146 ({Predecessor:} 10. g4 a6 11. Qd2 Bg7 12. O-O-O b6 13. Rhg1 Bb7 14. h4 Nc6 15. Nd5 a5 16. Kb1 {1-0 (49) Gruber,T (2277)-Freundlieb,T (2130) Schwarzburg 2004}) 10... Bg7 11. Bd4 f6 12. Be3 Be6 13. O-O Qd7 14. c5 dxc5 15. Qxd7+ (15. Qc2 $16) 15... Bxd7 $11 16. Bxc5 c6 {[%emt 0:03:02] Prevents Nb5.} (16... Nc6 $1 $11 {keeps the balance.}) 17. Rad1 $36 {[%emt 0:06:50][%mdl 2048] White is in control.} b6 18. Bd6 {[%emt 0:05:33] &Bianco is much more active.} Kf7 19. f4 Rhe8 {[%emt 0:09:17] This move loses the game for Black.} (19... h5 $16 20. Rfe1 Rae8) 20. f5 $18 {[%emt 0:03:15] [#] Hoping for Bc4+.} Bf8 21. fxg6+ Kxg6 22. e5 f5 23. g4 Kg5 24. h4+ Kg6 25. Bd3 ({Less strong is} 25. Bxe7 Rxe7 26. gxf5+ (26. Rd6+ Kh7 $16) 26... Bxf5 $18) 25... Nd5 26. gxf5+ Kh5 (26... Kg7 $18 27. Bxf8+ Rxf8 28. Nxd5 cxd5) 27. Nxd5 cxd5 28. Rf4 Bxf5 29. Rxf5+ Kg4 30. Bxf8 (30. Kh2 $142 Rxe5 31. Rg1+ Kxh4 32. Rf4+ Kh5 33. Bg6#) 30... Rxf8 {[%emt 0:00:06] White is clearly winning.} 31. Rxf8 Rxf8 {[%emt 0:00:06][%mdl 4096] Endgame KRB-KR} 32. e6 Re8 33. Re1 {[%emt 0:01:06] [#] Strongly threatening e7.} Re7 34. Bb5 Kxh4 35. Bd7 {[%emt 0:00:18] And now Rf1 would win.} Kg5 36. Re5+ Kf6 37. Rxd5 Rg7+ 38. Kf2 Rg4 39. Rh5 {[%emt 0:01:10] Weighted Error Value: White=0.18 (very precise) /Black=0.58} (39. e7 $142 Rg8 40. e8=Q Rxe8 41. Bxe8) 1-0

[Event "FAI-ch Master 2022"]
[Site "Eidi"]
[Date "2022.04.13"]
[Round "5.4"]
[White "Nielsen, Torkil"]
[Black "Samuelsen, Carl Eli Nolsoe"]
[Result "0-1"]
[ECO "B06"]
[WhiteElo "2135"]
[BlackElo "2158"]
[Annotator "TA"]
[PlyCount "90"]
[EventDate "2022.04.10"]
[EventType "tourn"]
[EventCountry "FAI"]
[SourceTitle "playchess.com"]
[Source "ChessBase"]
[SourceQuality "1"]
[TimeControl "40/5400+30:1800+30"]

1. e4 c5 2. c3 d5 3. exd5 Qxd5 4. d4 g6 5. Nf3 Bg7 6. Be3 cxd4 7. cxd4 Qa5+ 8. Nc3 Nh6 {[%emt 0:01:57][%cal Bg8h6,Bh6f5,Bf5d6][%mdl 32] B06: Modern Defence.} 9. Qb3 {[%emt 0:12:18] [#] Threatens to win with Bb5+.} O-O 10. Bc4 Nf5 {[%emt 0:09:04] The position is equal.} 11. O-O Nc6 12. Rad1 Nd6 13. Be2 {[%emt 0:03:59] [#]} Bf5 $146 ({Predecessor:} 13... Qb4 14. Qc2 Bf5 15. Qc1 Rac8 16. Bh6 Rfd8 17. Bxg7 Kxg7 18. d5 Na5 19. Rd4 Qb6 {1-0 (27) Vajda,L (2558)-Krueger,A (2126) Hilversum 2015}) 14. Bf4 Qd8 (14... Bg4 $11) 15. Ne5 (15. d5 $5 Na5 16. Qb4 $11) 15... Na5 16. Qa4 Rc8 17. g4 Be6 18. d5 Bxe5 19. Bxe5 Bd7 20. Qf4 $36 {[%emt 0:03:39][%mdl 2048] White has the initiative.} Nac4 21. Bd4 f6 (21... Nxb2 $11 22. Rc1 Nbc4) 22. b3 $14 (22. Bxa7 $6 g5 23. Qd4 Qa5 $11) 22... g5 23. Qg3 (23. Qc1 $16 Nb6 24. Qe3) 23... Nb6 (23... Na3 $1 $14) 24. h4 gxh4 25. Qxh4 Rf7 26. Rd3 (26. Kh2 $16) 26... Rg7 27. Rg3 $1 {[%emt 0:00:37] Strongly threatening Bd3.} Rxc3 28. Bxc3 {[%emt 0:00:12] Hoping for Bf3.} Ne4 29. Rh3 (29. Re3 $14 {keeps the upper hand.} Nxd5 {[#]} 30. Ba5 $1 (30. Rxe4 Nxc3 31. Bc4+ Kh8 $11) 30... Qxa5 31. Rxe4) 29... Nxd5 $19 (29... Nxc3 30. Rxc3 Nxd5 31. Bc4 $16) 30. Ba1 (30. Rc1 Nf4 31. Bc4+ Kh8 32. Rf3 (32. f3 $2 Nxh3+ 33. Kh2 Qc7+ 34. Kxh3 Qf4 $19) 32... Rxg4+ 33. Qxg4 Ne2+ 34. Bxe2 Bxg4 35. Re3 Bxe2 36. Rxe2) 30... Nf4 {[%emt 0:00:37][%csl LRe2,LRh3] Pair of Knights!} 31. Bc4+ Kf8 32. f3 Nxh3+ 33. Qxh3 Ng5 34. Qg3 Qb6+ 35. Kg2 e5 ({Black should try} 35... h5 $19 36. Rd1 (36. Qb8+ $2 Be8 $19) 36... e5 37. Bxe5 fxe5 38. Qxe5 Qc6 39. Qb8+ (39. Qf4+ $2 Nf7 $19) 39... Be8 40. Qf4+ Nf7) 36. Rd1 $2 {[%emt 0:00:54][%mdl 8192] Now White is beyond hope.} (36. Bxe5 $17 fxe5 37. Qxe5) 36... Bc6 37. Bd5 (37. Kf1 Nxf3 38. Qf2) 37... Rd7 38. Qh4 Rxd5 39. Qh6+ Kf7 {[%emt 0:00:26] Black mates.} 40. Qh5+ Kg7 41. Rxd5 Bxd5 42. Bxe5 Bxf3+ 43. Kg3 Qg1+ 44. Kf4 Qc1+ 45. Kg3 fxe5 {[%emt 0:00:30] Weighted Error Value: White=0.86/Black=0.21 (precise)} 0-1

[Event "FAI-ch Master 2022"]
[Site "Eidi"]
[Date "2022.04.14"]
[Round "6.1"]
[White "Nolsoe, Rani"]
[Black "Samuelsen, Carl Eli Nolsoe"]
[Result "1/2-1/2"]
[WhiteElo "2072"]
[BlackElo "2158"]
[Annotator "TA"]
[PlyCount "39"]
[EventDate "2022.04.10"]
[EventType "tourn"]
[EventCountry "FAI"]
[SourceTitle "playchess.com"]
[Source "ChessBase"]
[SourceQuality "1"]
[TimeControl "40/5400+30:1800+30"]

1. e4 c5 2. Nc3 Nc6 3. g3 g6 4. Bg2 Bg7 5. Nge2 e6 6. d3 Nge7 7. Be3 d6 8. O-O O-O 9. Qd2 {[%emt 0:00:22] [#]} {Predecessor:} Nd4 $146 {B26: Closed Sicilian: 3 g3, lines with early Be3.} 10. Rae1 Rb8 11. Nd1 Nxe2+ 12. Rxe2 b5 13. Bh6 b4 14. Bxg7 Kxg7 15. f4 a5 16. Ne3 f5 17. Nc4 fxe4 18. dxe4 Ba6 19. b3 Bxc4 20. bxc4 {0-1 (27) Jobava,B (2603)-Bilguun,S (2454) Chess.com INT 2020} 1/2-1/2

[Event "FAI-ch Master 2022"]
[Site "Eidi"]
[Date "2022.04.14"]
[Round "6.2"]
[White "Egilstoft, Rogvi"]
[Black "Nielsen, Torkil"]
[Result "1-0"]
[ECO "C28"]
[WhiteElo "2378"]
[BlackElo "2135"]
[Annotator "TA"]
[PlyCount "69"]
[EventDate "2022.04.10"]
[EventType "tourn"]
[EventCountry "FAI"]
[SourceTitle "playchess.com"]
[Source "ChessBase"]
[SourceQuality "1"]
[TimeControl "40/5400+30:1800+30"]

1. e4 e5 2. Bc4 Nc6 3. Nc3 Nf6 4. d3 Na5 5. Nge2 Nxc4 6. dxc4 Bb4 7. O-O Bxc3 {[%emt 0:00:08] C28: Vienna Game: 2...Nf6 3 Bc4 Nc6.} (7... d6 $11) 8. Nxc3 $16 d6 9. b3 (9. f4 $5 ) 9... Be6 {[%emt 0:04:21] White is slightly better.} 10. Qd3 Qd7 {[%emt 0:02:43] [#]} (10... Nd7 $11) 11. a4 $146 (11. f4 $5 Qc6 12. f5 $16) ({Predecessor:} 11. Be3 Ng4 12. Rad1 a6 13. f3 Nxe3 14. Qxe3 f6 15. c5 Qc6 16. cxd6 cxd6 17. Rf2 {1-0 (37) Desjardins,M (1920)-Beaudet,J (1757) Gatineau 2015}) 11... O-O 12. h3 Ne8 (12... Qd8 $11 {keeps the balance.}) 13. f4 exf4 14. Rxf4 c6 15. Ba3 Rd8 16. Rd1 f6 17. Qg3 Rf7 18. Rf3 f5 {[%emt 0:03:47] [#] White stays focused until the end.} (18... Qc7 $14) 19. Bxd6 $1 {[%emt 0:06:19][%mdl 512] 0x0.001b374052dedp-1022s more active pieces. The black rooks are badly placed.} Nxd6 (19... fxe4 20. Rxf7) 20. e5 Qc7 {[%emt 0:04:16] Hoping for ...Ne4.} 21. exd6 f4 {[%emt 0:07:26] [#]} (21... Qb6+ {was called for.} 22. Kh2 Bd7) 22. Qxg7+ $3 $18 Kxg7 23. dxc7 Rxd1+ 24. Nxd1 Rxc7 25. Rxf4 {[%emt 0:00:14][%mdl 4096] Endgame KRB-KRN} Rd7 26. Ne3 Rd2 27. Rf2 Rxf2 28. Kxf2 {[%emt 0:00:06] KB-KN} Kf6 29. Ng4+ Bxg4 $2 (29... Kf5 30. Kf3 h5) 30. hxg4 {[%emt 0:00:05] KP-KP} c5 31. a5 b6 32. a6 {[%emt 0:01:07] Intending Ke2 and mate.} Kg5 33. Kf3 Kh4 34. Kf4 h6 35. c3 {[%emt 0:00:13] Weighted Error Value: White=0.08 (flawless) /Black=0.78} 1-0

[Event "FAI-ch Master 2022"]
[Site "Eidi"]
[Date "2022.04.14"]
[Round "6.3"]
[White "Simonsen, Hans Kristian"]
[Black "Olsen, Wille"]
[Result "1-0"]
[ECO "A45"]
[WhiteElo "2166"]
[BlackElo "2006"]
[Annotator "TA"]
[PlyCount "38"]
[EventDate "2022.04.10"]
[EventType "tourn"]
[EventCountry "FAI"]
[SourceTitle "playchess.com"]
[Source "ChessBase"]
[SourceQuality "1"]
[TimeControl "40/5400+30:1800+30"]

1. d4 Nf6 2. Bf4 c6 3. Nc3 Qb6 {[%emt 0:03:39] [#]} 4. Qd2 $146 ({Predecessor:} 4. Rb1 d5 5. Nf3 Nbd7 6. e3 Nh5 7. Ng5 Nxf4 8. exf4 g6 9. Bd3 Bg7 10. Ne2 Bxd4 11. Nxd4 Qxd4 12. Qd2 Nc5 13. O-O Nxd3 14. cxd3 Bf5 15. Rbe1 e6 16. Re3 O-O {0-1 (16) Thieme,J-Wittig,D freechess.de 2015}) 4... Qxb2 5. Rb1 Qa3 6. e4 {[%emt 0:02:18] A45: Trompowsky Attack.} d6 (6... e6 {is more appropriate.}) 7. Nf3 Nbd7 8. e5 {[%emt 0:04:52] White is slightly better.} Nd5 (8... Nh5 $11) 9. Nxd5 $16 cxd5 10. e6 (10. c4 $18) 10... fxe6 11. Ng5 e5 12. dxe5 {[%emt 0:00:12] &Bianco is more active.} Qxa2 (12... dxe5 $2 13. Qxd5 $1 e6 14. Qxe6+ Qe7 15. Be3 $18) 13. Qb4 (13. Qc1 $11 d4 14. e6) 13... dxe5 $17 14. Bb5 exf4 $4 (14... e6 $17 {keeps the pressure on.} 15. Bxd7+ Bxd7 16. Qxb7 Rc8) 15. Qxf4 $18 {[%emt 0:03:44] Threatening mate with Qf7+.} d4 $2 {[%emt 0:09:18] [#]} (15... Qxb1+ $2 16. Kd2 Qb4+ 17. Qxb4 $18) (15... Kd8) 16. Rb3 $1 {[%emt 0:03:04] White wants to mate with Qf7+.} Kd8 {[%emt 0:02:18] Strongly threatening ...e5.} 17. Ne6+ Ke8 {[%emt 0:00:08] [#]} 18. O-O $1 Qxc2 19. Rf3 Qxf2+ {[%emt 0:01:40] Weighted Error Value: White=0.22 (precise) /Black=1.61} 1-0

[Event "FAI-ch Master 2022"]
[Site "Eidi"]
[Date "2022.04.14"]
[Round "6.4"]
[White "Nielsen, Hogni Egilstoft"]
[Black "Apol, Luitjen Akselsson"]
[Result "1/2-1/2"]
[ECO "E67"]
[WhiteElo "2405"]
[BlackElo "2154"]
[Annotator "TA"]
[PlyCount "60"]
[EventDate "2022.04.10"]
[EventType "tourn"]
[EventCountry "FAI"]
[SourceTitle "playchess.com"]
[Source "ChessBase"]
[SourceQuality "1"]
[TimeControl "40/5400+30:1800+30"]

1. b3 d6 2. Bb2 Nd7 3. g3 Ngf6 4. Bg2 e5 5. e3 g6 6. Ne2 Bg7 7. d4 O-O 8. Nd2 Re8 9. O-O e4 10. c4 Nf8 11. Nc3 Bf5 $1 {[%emt 0:01:58] E67: King's Indian: Fianchetto: 6...Nbd7.} 12. h3 h5 $1 {[%emt 0:01:15] Prevents g4.} 13. f3 exf3 14. Qxf3 N8h7 (14... Ne6 $5 ) 15. Qf4 {[%emt 0:02:42] Against Ng5} (15. Qxb7 Rb8 16. Qxa7 Rxe3 $15) 15... Qd7 16. Kh2 {[%emt 0:01:24] With the idea e4.} (16. Bxb7 Rab8 17. Bg2 Bxh3 18. Bxh3 Qxh3 $17) 16... h4 17. gxh4 {[%emt 0:03:29] [#]} (17. Bxb7 $2 Nh5 18. Qf3 (18. Qxh4 $2 Bf6 $19) 18... Ng5 $1 $19 ) (17. Qxh4 $2 g5 18. Rxf5 gxh4 $19) 17... Bd3 $146 ({Predecessor:} 17... Nh5 18. Qf2 Bh6 19. Rae1 c6 20. d5 Re7 21. Qf3 Rae8 22. Nd1 Bf4+ 23. Kg1 c5 {0-1 (34) Scafarelli,F-Penrose,J Copenhagen 1953}) 18. Rfe1 c5 (18... Nh5 $14 19. Qf2 c6) 19. Nce4 $16 Nh5 (19... Nxe4 $16 {was necessary.} 20. Nxe4 (20. Bxe4 Bxe4 21. Nxe4 Re6 $14) 20... Bxe4 21. Bxe4 Re7) 20. Qxd6 $18 Qf5 21. Qd5 (21. Nxc5 Bf6 $18) (21. Qxc5 $18 Rxe4 22. Nxe4 Bxe4 23. Qxf5 Bxf5 24. Bxb7) 21... cxd4 $14 22. Qxf5 ({Inferior is} 22. exd4 Qf4+ 23. Kg1 Rad8 $19) (22. Qxb7 $2 dxe3 23. Bxg7 Kxg7 $19) (22. Bxd4 $16 {And now Qxf5 would win.} Bxd4 23. Qxd4) 22... gxf5 $11 {[%emt 0:00:02] The position is equal.} 23. Nc5 dxe3 24. Bxg7 Kxg7 25. Nxd3 {[%emt 0:06:12] aiming for Nf3.} exd2 26. Rxe8 Rxe8 27. Rd1 $1 (27. Bxb7 $2 Re2+ 28. Kg1 Re3 $19) 27... Re2 {[%emt 0:04:52] Threatens to win with ...N7f6.} 28. Kg1 N7f6 {[%emt 0:01:28] White must now prevent ...Ne4.} 29. Bf1 ({But not} 29. Bxb7 $2 Ne4 30. b4 {[#]} Nf4 $1 31. Bxe4 fxe4 32. Nxf4 Re1+ 33. Kf2 Rxd1 $19) 29... Re3 {[%emt 0:00:17] Strongly threatening ...Ne4.} 30. Rxd2 Ne4 {[%emt 0:00:09] Weighted Error Value: White=0.28 (precise) /Black=0.17 (very precise)} 1/2-1/2